Map: [ESL] Tropical Sacrifice

Players

Dark - Winner!

  • Race: Zerg Zerg
  • Spawn Location: 1:00

Elazer

  • Race: Zerg Zerg
  • Spawn Location: 7:00

Event: DreamHack SC2 Masters 2022 Valencia

VOD

Have the link to the VOD?

Description

Time

  • Played on: July 3, 2022, 5:39 a.m.
  • Length: 8:33

All games in this series

Show
View Real Time Build Order
Export as new Build Order

Dark Zerg - Winner!

Build Orders: Pool First 

Get SALT Encoding   

  12  0:17  Spawning Pool  
  11  0:22  Drone  
  11  0:28  Drone  
  13  0:32  Drone  
  14  0:41  Overlord  
  14  1:04  Zergling x4  
  16  1:06  Zergling x2  
  17  1:16  Zergling x2  
  18  1:20  Hatchery  
  17  1:28  Zergling x2  
  18  1:35  Queen  
  18  1:39  Zergling x2  
  21  1:50  Overlord  
  21  2:00  Drone  
  22  2:10  Queen  
  22  2:11  Drone  
  24  2:24  Drone  
  25  2:35  Drone  
  23  2:38  Drone  
  23  2:43  Drone x3  
  26  2:44  Drone  
  26  2:46  Queen  
  26  2:47  Extractor  
  28  2:54  Drone  
  28  2:55  Drone  
  30  3:06  Overlord  
  30  3:07  Drone  
  31  3:16  Drone x2  
  31  3:18  Drone  
  31  3:19  Drone  
  35  3:20  Drone  
  35  3:26  Drone  
  35  3:27  Drone x2  
  39  3:30  Drone x2  
  41  3:41  Overlord  
  41  3:42  Drone  
  41  3:48  Metabolic Boost  
  42  3:49  Evolution Chamber  
  42  3:52  Drone  
  42  3:54  Drone  
  43  3:59  Drone x2  
  43  4:01  Zergling x2  
  46  4:03  Zergling x4  
  46  4:08  Zergling x4  
  50  4:12  Baneling Nest, Drone  
  50  4:14  Extractor  
  49  4:17  Hatchery  
  49  4:22  Zergling x4  
  50  4:26  Zergling x2  
  50  4:27  Zergling x2  
  52  4:33  Overlord  
  51  4:42  Roach Warren  
  50  4:46  Overlord  
  50  4:48  Zergling x4  
  52  4:55  Zergling x8  
  52  4:58  Zergling x2  
  57  5:03  Baneling x2  
  57  5:04  Zergling x12  
  63  5:11  Baneling  
  63  5:12  Baneling  
  62  5:14  Zergling x2  
  62  5:15  Zergling x2  
  62  5:20  Zergling x2  
  64  5:24  Baneling  
  64  5:25  Baneling  
  64  5:27  Baneling x2  
  63  5:32  Zergling x6  
  63  5:34  Baneling  
  66  5:37  Overlord  
  66  5:40  Drone x4  
  69  5:45  Baneling  
  69  5:46  Zergling x4  
  69  5:52  Zergling x2  
  69  5:57  Baneling x3  
  66  5:58  Zergling x4  
  66  6:00  Queen x2  
  66  6:02  Zergling x2  
  68  6:06  Zergling x4  
  65  6:13  Zergling x2  
  65  6:14  Zerg Ground Armor Level 1  
  65  6:17  Zergling x4  
  63  6:23  Zergling x2  
  63  6:25  Baneling x2  
  62  6:28  Roach x2  
  62  6:31  Extractor  
  62  6:32  Roach x3  
  71  6:39  Roach x3  
  77  6:40  Zergling x2, Overlord  
  77  6:44  Zergling x2  
  77  6:48  Zergling x2  
  77  6:49  Zergling x6  
  77  6:52  Overlord  
  77  6:53  Overlord  
  81  7:04  Drone x2  
  81  7:05  Drone x2  
  81  7:06  Zergling x6, Overlord  
  81  7:08  Ravager  
  89  7:13  Zergling x2  
  90  7:17  Ravager x2  
  90  7:20  Zergling x4  
  90  7:22  Zergling x2  
  95  7:28  Zergling x12, Ravager  
  102  7:30  Zergling x2  
  102  7:33  Zergling x2  
  102  7:35  Zergling x4  
  102  7:36  Zergling x2  
  107  7:41  Zergling x4  
  111  7:44  Ravager x2  
  111  7:48  Ravager  
  111  7:50  Zergling x4  
  114  7:58  Overlord  
  114  7:59  Overlord x4  
Show
View Real Time Build Order
Export as new Build Order

Elazer Zerg 

Build Orders: Hatch First 

Get SALT Encoding   

  12  0:00  Drone  
  13  0:13  Overlord  
  13  0:17  Drone  
  14  0:32  Drone x2  
  16  0:50  Hatchery  
  16  0:53  Drone  
  16  0:56  Drone  
  17  1:00  Drone  
  18  1:10  Extractor  
  17  1:15  Spawning Pool  
  16  1:18  Drone  
  16  1:22  Drone  
  18  1:29  Drone  
  19  2:02  Queen x2, Zergling x8  
  27  2:13  Zergling x2  
  24  2:28  Drone  
  23  2:36  Drone  
  21  2:38  Drone  
  21  2:43  Drone  
  23  2:52  Metabolic Boost  
  23  2:56  Overlord  
  23  2:59  Drone  
  23  3:02  Drone  
  23  3:05  Drone  
  26  3:08  Drone  
  26  3:12  Drone  
  28  3:18  Drone x2  
  30  3:21  Drone  
  33  3:27  Drone x2  
  33  3:31  Overlord  
  33  3:36  Drone x2  
  34  3:43  Drone  
  35  3:56  Drone x8  
  43  4:08  Overlord  
  43  4:12  Zergling x4, Hatchery  
  44  4:18  Evolution Chamber  
  44  4:20  Zergling x2  
  44  4:26  Overlord  
  44  4:27  Zergling x8  
  48  4:33  Zergling x6  
  50  4:40  Overlord  
  50  4:43  Extractor  
  50  4:44  Zerg Ground Armor Level 1, Extractor  
  48  4:49  Drone x2  
  48  4:50  Drone x3  
  48  4:52  Drone  
  54  4:53  Drone  
  54  4:54  Drone  
  54  4:58  Zergling x2  
  57  5:03  Zergling x2  
  58  5:09  Zergling x2  
  58  5:12  Overlord  
  59  5:18  Roach Warren  
  59  5:20  Zergling x6  
  61  5:22  Queen x2  
  65  5:32  Zergling x8  
  68  5:38  Zergling x8  
  64  5:44  Zergling x4  
  65  5:53  Zergling x6  
  64  5:58  Queen, Zergling x10  
  59  6:08  Zergling x2  
  55  6:14  Roach  
  45  6:21  Roach  
  45  6:22  Roach  
  45  6:24  Queen  
  51  6:33  Roach x2  
  55  6:42  Roach  
  55  6:43  Roach  
  55  6:45  Lair  
  59  6:56  Roach x2  
  63  7:02  Overlord  
  63  7:06  Roach  
  68  7:08  Drone x3  
  68  7:16  Drone x4  
  72  7:25  Overlord, Hatchery  
  71  7:30  Overlord  
  71  7:31  Overlord  
  69  7:40  Roach  
  68  7:45  Roach x3  
  68  7:47  Roach  
  68  7:49  Roach  
  78  7:53  Roach  
  78  7:55  Roach  
  78  7:58  Roach  
  84  8:03  Roach x2  

Tags
 
Add a new tag
Caveats
  • Supply blocks, unpowered buildings, or Contaminate may cause inaccurate times.
  • Supply counts are checked every 10 seconds.